 Dungeon Crawl Stone Soup version 0.26.0-90-g5fd8617961 (webtiles) character file.

Game seed: 13630184929879914387

4700 Gadfly the Warmonger (level 10, -3/96 HPs)
             Began as an Ogre Gladiator on Feb 2, 2021.
             Was an Elder of Okawaru.
             Slain by an ogre
             ... wielding a +0 giant club
              (13 damage)
             ... on level 8 of the Dungeon.
             The game lasted 00:19:43 (14213 turns).

Gadfly the Warmonger (Ogre Gladiator)              Turns: 14213, Time: 00:19:44

Health: -3/96      AC:  4    Str: 30    XL:     10   Next: 45%
Magic:  0/16       EV: 10    Int:  9    God:    Okawaru [****..]
Gold:   265        SH:  0    Dex: 11    Spells: 9/9 levels left

rFire    . . .     SeeInvis +   a - +0 flail (protect)
rCold    . . .     Faith    .   (no shield)
rNeg     . . .     Spirit   +   j - +0 robe
rPois    .         Reflect  .   c - +1 hat
rElec    +         Harm     .   (no cloak)
rCorr    .         Rampage  .   (gloves unavailable)
Will     +....                  (boots unavailable)
Stlth    +.........             w - amulet of guardian spirit
HPRegen  0.26/turn              t - ring of see invisible
MPRegen  0.15/turn              g - +6 ring of strength

@: no status effects
A: large, unfitting armour, talons 1, robust 1, electricity resistance, strong
1, tough skin 1
a: Renounce Religion, Heroism


You were on level 8 of the Dungeon.
You worshipped Okawaru.
Okawaru was greatly pleased with you.
You visited 2 branches of the dungeon, and saw 10 of its levels.

You collected 460 gold pieces.
You spent 195 gold pieces at shops.

Inventory:

Hand Weapons
 a - a +0 flail of protection (weapon)
 b - a +1 short sword of venom
 f - a cursed +4 morningstar
 q - a +2 dagger of chaos
 r - a +0 giant club
 v - a cursed +2 dire flail
Missiles
 d - 2 throwing nets
 n - 3 boomerangs (quivered)
 p - 3 large rocks
Armour
 c - a +1 hat (worn)
 j - a +0 robe (worn)
Jewellery
 g - a +6 ring of strength (right hand)
 l - an uncursed ring of resist corrosion
 m - an uncursed ring of ice
 t - a ring of see invisible (left hand)
 w - an amulet of guardian spirit (around neck)
Wands
 h - a wand of digging (7)
 A - a wand of disintegration (2)
 C - a wand of acid (1)
Scrolls
 k - 5 scrolls of fog
 u - 5 scrolls of remove curse
 x - 2 scrolls of teleportation
 y - 2 scrolls of fear
Potions
 e - 3 potions of haste
 i - 3 potions of attraction
 o - a potion of heal wounds
 s - 3 potions of curing
 z - a potion of flight
 B - 2 potions of might
 D - a potion of ambrosia
 E - 2 potions of lignification


   Skills:
 - Level 2.6 Fighting
 + Level 5.4 Maces & Flails
 + Level 5.5 Throwing
 * Level 6.1 Armour
 - Level 2.6 Dodging
 * Level 8.2 Invocations
 * Level 6.2 Evocations


You had 9 spell levels left.
You didn't know any spells.
Your spell library contained the following spells:

 Spells                   Type           Power        Failure   Level
 Animate Skeleton         Necr           0%           38%         1
 Corona                   Hex            0%           38%         1
 Foxfire                  Conj/Fire      0%           38%         1
 Pain                     Necr           0%           38%         1
 Slow                     Hex            0%           52%         2
 Confusing Touch          Hex            0%           77%         3
 Conjure Flame            Conj/Fire      0%           77%         3
 Gell's Gravitas          Tloc           0%           77%         3
 Inner Flame              Hex/Fire       0%           77%         3
 Portal Projectile        Hex/Tloc       0%           77%         3
 Vampiric Draining        Necr           0%           77%         3
 Animate Dead             Necr           0%           99%         4
 Cause Fear               Hex            0%           99%         4
 Leda's Liquefaction      Hex/Erth       0%           99%         4
 Petrify                  Tmut/Erth      0%           99%         4
 Sticky Flame             Conj/Fire      0%           99%         4
 Agony                    Necr           0%           100%        5
 Fireball                 Conj/Fire      0%           100%        5
 Metabolic Englaciation   Hex/Ice        0%           100%        5
 Yara's Violent Unravell  Hex/Tmut       0%           100%        5


Dungeon Overview and Level Annotations

Branches:
Dungeon (9/15)             Temple (1/1) D:5            Lair (0/6) D:8
    Orc: D:9-12

Altars:
Ashenzari
Cheibriados
Dithmenos
Elyvilon
Fedhas
Gozag
Hepliaklqana
Kikubaaqudgha
Makhleb
Nemelex Xobeh
Okawaru
Qazlal
Ru
Sif Muna
Trog
Uskayaw
Vehumet
Wu Jian
Xom
Yredelemnul
Zin
The Shining One

Shops:
D:4 (}![   D:6 =   D:7 (


Innate Abilities, Weirdness & Mutations

You are too large for most types of armour.
You have tough skin. (AC +1)
You have sharp toenails.
You are robust. (+10% HP)
You are resistant to electric shocks. (rElec)
Your muscles are strong. (Str +2)


Message History

Press: ? - help, Dir - move target, f - ogre
Aim: an ogre, wielding a +0 giant club (heavily wounded)
Okay, then.
Okay, then.
Okay, then.
Okay, then.
You completely miss the ogre.
The ogre is heavily wounded.
The ogre hits you with a +0 giant club.
* * * LOW HITPOINT WARNING * * *
Okay, then.
There is a stone staircase leading up, spattered with blood here.
Things that are here:
a +0 robe; a cursed +0 spear The ogre closely misses you.
The ogre hits you with a +0 giant club!
* * * LOW HITPOINT WARNING * * *
An ogre is nearby!
The ogre hits you with a +0 giant club!
You die...

###..#.............#.#.##
#.##.#. #................#...#
#.##.#. ##.#..##.#...#...###.#
##.##)#.
#.#..#..............###...#[[.
#............)..........#.>...
###.............###..##...##..
#.........#...# #..###.###..
#.........O...# #..# #.#..>#
##.#...####@.## #..# #......
#.##### #..# #..###.#.#.# #.#
#<[# #......#.#.#
#.########..#####.#####.#.#
#.........(............>#..
#################.#########
#.######### #.........<
###########


You could see an ogre.

Vanquished Creatures
  2 rust devils (D:8)
  Joseph (D:9)
  A red devil (D:8)
  A wraith (D:7)
  A yak (D:8)
  An orc warrior (D:8)
  2 black bears
  A hornet zombie (D:8)
  3 ogres
  2 centaurs
  2 big kobolds
  4 bullfrogs
  2 scorpions
  15 wights
  4 crimson imps (D:5)
  A centaur zombie (D:7)
  5 hounds
  A jelly (D:7)
  3 orc priests
  8 iron imps (D:8)
  An orc wizard (D:8)
  4 centaur skeletons
  2 iguanas
  2 worker ants
  3 gnolls (D:7)
  4 adders
  2 shadow imps
  2 white imps
  2 ufetubi (D:8)
  An ooze (D:1)
  An adder zombie (D:8)
  4 adder skeletons
  A worm (D:3)
  2 dart slugs (D:2)
  8 leopard geckos
  24 orcs
  5 giant cockroaches
  5 goblins
  6 hobgoblins
  19 jackals
  5 quokkas
  3 ball pythons
  5 bats
  5 frilled lizards
  18 kobolds
  11 rats
205 creatures vanquished.

Vanquished Creatures (others)
  15 fungi (D:8)
  24 plants
39 creatures vanquished.

Grand Total: 244 creatures vanquished

Notes
Turn   | Place    | Note
-------+----------+-------------------------------------------
     0 | D:1      | Gadfly the Ogre Gladiator began the quest for the Orb.
     0 | D:1      | Reached XP level 1. HP: 22/22 MP: 1/1
   293 | D:1      | Reached XP level 2. HP: 26/29 MP: 2/2
   465 | D:1      | Reached skill level 1 in Invocations
   939 | D:1      | Reached XP level 3. HP: 36/36 MP: 3/3
  1626 | D:2      | Reached skill level 1 in Armour
  1636 | D:2      | Reached skill level 1 in Evocations
  2087 | D:2      | Found an opulent altar of Gozag.
  2629 | D:3      | Reached XP level 4. HP: 27/44 MP: 5/5
  3144 | D:3      | Reached skill level 2 in Invocations
  4047 | D:4      | Reached XP level 5. HP: 39/50 MP: 6/6
  4514 | D:4      | Found Saewkufe's Gadget Emporium.
  4601 | D:5      | Entered Level 5 of the Dungeon
  5057 | D:4      | Found Ehe Aff's Weapon Shoppe.
  5070 | D:4      | Noticed an ogre
  5082 | D:4      | Killed an ogre
  5083 | D:4      | Reached skill level 3 in Invocations
  5083 | D:4      | Reached XP level 6. HP: 15/59 MP: 8/8
  5488 | D:4      | Found Qyvuax's Distillery.
  5497 | D:4      | Bought a potion of curing for 39 gold pieces
  5497 | D:4      | Bought a potion of degeneration for 13 gold pieces
  5497 | D:4      | Bought a potion of heal wounds for 65 gold pieces
  5501 | D:4      | Found Xaerod's Antique Armour Emporium.
  5660 | D:5      | Found an ornate altar of the Wu Jian Council.
  5871 | D:5      | Found a shimmering altar of Xom.
  5929 | D:5      | Reached XP level 7. HP: 25/66 MP: 9/9
  6713 | D:5      | Found a staircase to the Ecumenical Temple.
  6749 | Temple   | Entered the Ecumenical Temple
  6805 | Temple   | Became a worshipper of Warmaster Okawaru
  7124 | D:5      | Found a snail-covered altar of Cheibriados.
  7203 | D:6      | Found Ynniys's Jewellery Shoppe.
  7223 | D:6      | Reached skill level 4 in Invocations
  7421 | D:6      | Gained mutation: You tend to lose your temper in combat.
                  | [potion of mutation]
  7421 | D:6      | Gained mutation: You are robust. (+10% HP) [potion of
                  | mutation]
  7422 | D:6      | Lost mutation: You tend to lose your temper in combat.
                  | [potion of mutation]
  7422 | D:6      | Gained mutation: You are resistant to electric shocks.
                  | (rElec) [potion of mutation]
  7422 | D:6      | Gained mutation: Your muscles are strong. (Str +2) [potion
                  | of mutation]
  7422 | D:6      | Gained mutation: You have sharp toenails. [potion of
                  | mutation]
  8299 | D:6      | Found a shimmering blue altar of Sif Muna.
  8519 | D:7      | Found Qeineh's Antique Weapon Shop.
  8525 | D:7      | Reached XP level 8. HP: 64/81 MP: 11/11
  8536 | D:7      | Noticed a wraith
  8554 | D:7      | Killed a wraith
  8781 | D:7      | Reached skill level 5 in Invocations
  8930 | D:7      | Reached * piety under Okawaru
 10110 | D:7      | Reached XP level 9. HP: 56/88 MP: 8/13
 10287 | D:7      | Reached skill level 6 in Invocations
 10354 | D:7      | Reached ** piety under Okawaru
 11023 | D:7      | Reached skill level 5 in Evocations
 11166 | D:8      | Reached skill level 5 in Armour
 11450 | D:8      | Reached *** piety under Okawaru
 11451 | D:8      | Reached skill level 7 in Invocations
 11780 | D:8      | Noticed a rust devil
 11781 | D:8      | Found an ancient bone altar of Kikubaaqudgha.
 11781 | D:8      | Noticed a red devil
 11786 | D:8      | Noticed a rust devil
 11914 | D:8      | Received a gift from Okawaru
 11915 | D:8      | Reached skill level 5 in Maces & Flails
 11957 | D:9      | Noticed Joseph
 11974 | D:9      | Killed Joseph
 11975 | D:9      | Reached skill level 5 in Throwing
 11975 | D:9      | Reached XP level 10. HP: 27/96 MP: 3/15
 12852 | D:8      | Found a staircase to the Lair.
 13736 | D:8      | Killed a rust devil
 13737 | D:8      | Reached skill level 8 in Invocations
 13865 | D:8      | Killed a rust devil
 13865 | D:8      | Reached **** piety under Okawaru
 14087 | D:4      | Bought 2 potions of lignification for 78 gold pieces
 14213 | D:8      | Slain by an ogre

Illustrated notes

Levels and vault maps discovered:
D:1:      amcnicky_arrival_blooded_trapdoor, layout_basic,
          serial_bayou_lagoon_a, minmay_tromino_i2
D:2:      layout_basic, serial_forest, infiniplex_forest_clump_medium,
          infiniplex_forest_clump_small, infiniplex_forest_lined_room_3,
          infiniplex_forest_straight_1, infiniplex_forest_zigzag_1,
          infiniplex_forest_lined_2, infiniplex_forest_clump_tiny,
          infiniplex_forest_fountain, infiniplex_forest_straight_2,
          infiniplex_forest_clump_diagonal, grunt_gozag_breadcrumbs
D:3:      layout_basic
D:4:      layout_rooms, serial_shops, shop, shop, nicolae_shop_trees, shop,
          chequers_serial_rivers_small_3
D:5:      layout_gridville, kennysheep_mini, minmay_temple_entry_gardened_gates,
          basic_altar, led_xom_imps
D:6:      layout_cave_pools, serial_shops, shop, led_sif_pool
D:7:      layout_basic, serial_shops, nicolae_shop_crystal
D:8:      layout_loops_ring, grunt_lair_entry_orc_guard_hut,
          lemuel_hellish_altar
D:9:      kennysheep_windowed_halls, layout_cave_pools, erik_orc_1,
          ebering_ghost_reflecting_pool, uniq_joseph, uniq_erolcha
Temple:   minmay_crystal_snake_temple

Skill      XL: |  1  2  3  4  5  6  7  8  9 10 |
---------------+-------------------------------+-----
Invocations    | 1 2 3 4 5 7 8 |  8.2
Armour         | 1 2 3 4 5 6 |  6.1
Evocations     | 1 2 3 4 5 6 |  6.2
Maces & Flails | 3 4 5 |  5.4
Throwing       | 3 4 5 |  5.5
Fighting       | |  2.6
Dodging        | |  2.6

Action                   |  1- 3 |  4- 6 |  7- 9 | 10-12 || total
-------------------------+-------+-------+-------+-------++-------
Melee: Flail             |   136 |    42 |   363 |    55 ||   596
       Dagger            |       |   139 |       |       ||   139
       Short sword       |       |    54 |    14 |       ||    68
       Kick              |       |       |   110 |    29 ||   139
       Punch             |       |       |     1 |       ||     1
Throw: Throwing net      |     2 |       |       |     2 ||     4
       Stone             |     1 |     8 |       |       ||     9
       Boomerang         |       |       |     4 |    59 ||    63
       Large rock        |       |       |       |     3 ||     3
Invok: Heroism           |       |       |     1 |     1 ||     2
Evoke: Wand              |       |       |       |     8 ||     8
  Use: Scroll            |     7 |     2 |     6 |     1 ||    16
       Potion            |     1 |     2 |     5 |     1 ||     9
 Stab: Held in net/web   |     1 |       |       |       ||     1
       Sleeping          |       |       |     1 |       ||     1
Armor: Robe              |    62 |    67 |   163 |    13 ||   305
Dodge: Dodged            |   112 |   189 |   239 |    23 ||   563
